 Dungeon Crawl Stone Soup version 0.26.1-11-gd32895ea62 (webtiles) character file.

Game seed: 12684630653278967581

43545 ubername the Fencer (level 13, -4/124 HPs)
             Began as a Minotaur Berserker on May 17, 2021.
             Was a High Priest of Trog.
             Slain by a ten-headed hydra (8 damage)
             ... on level 6 of the Lair of Beasts.
             The game lasted 00:51:34 (20286 turns).

ubername the Fencer (Minotaur Berserker)           Turns: 20286, Time: 00:51:34

Health: -4/124     AC: 17    Str: 22    XL:     13   Next: 91%
Magic:  12/12      EV: 12    Int:  4    God:    Trog [*****.]
Gold:   962        SH: 12    Dex: 19    Spells: 12/12 levels left

rFire    . . .     SeeInvis .   a - +13 demon blade of the Pit {vorpal, Will+ Dex+4}
rCold    . . .     Faith    .   F - +0 kite shield
rNeg     . . .     Spirit   .   j - +1 chain mail
rPois    +         Reflect  .   (helmet restricted)
rElec    .         Harm     .   (no cloak)
rCorr    .         Rampage  .   q - +0 pair of gloves
Will     +....     Rnd*Rage +   g - +0 pair of boots
Stlth    ..........             B - amulet of regeneration
HPRegen  0.70/turn              (no ring)
MPRegen  0.13/turn              E - ring of flight

@: mighty, berserk cooldown, slowed, very slow
A: retaliatory headbutt, horns 2, berserk 1, poison resistance, screaming 1
a: Renounce Religion, Evoke Flight, Berserk, Trog's Hand, Brothers in Arms


You were on level 6 of the Lair of Beasts.
You worshipped Trog.
Trog was extremely pleased with you.
You visited 2 branches of the dungeon, and saw 16 of its levels.

You collected 962 gold pieces.

Inventory:

Hand Weapons
 a - the +13 demon blade of the Pit (weapon) {vorpal, Will+ Dex+4}
   (Trog gifted it to you on level 9 of the Dungeon)

   It inflicts extra damage upon your enemies.
   It affects your dexterity (+4).
   It affects your willpower, your defense against some magical effects.
 v - a +1 antimagic great sword
 y - a +1 vorpal scimitar
 z - a +2 spectral triple sword
 A - a +0 short sword
Missiles
 w - 28 poisoned darts
Armour
 g - a +0 pair of boots (worn)
 j - a +1 chain mail (worn)
 q - a +0 pair of gloves (worn)
 F - a +0 kite shield (worn)
Jewellery
 m - an uncursed amulet of faith
 B - an amulet of regeneration (around neck)
 C - an uncursed ring of ice
 E - a ring of flight (right hand)
Wands
 f - a wand of random effects (55)
 k - a wand of paralysis (17)
 o - a wand of acid (14)
 s - a wand of flame (24)
 u - a wand of iceblast (10)
 D - a wand of enslavement (5)
Scrolls
 b - a scroll of magic mapping
 c - 6 scrolls of teleportation
 e - 4 scrolls of enchant armour
 h - 3 scrolls of immolation
 l - 8 scrolls of remove curse
 r - 10 scrolls of identify
 t - 3 scrolls of fog
 H - a scroll of acquirement {unknown}
Potions
 i - 2 potions of cancellation
 n - 2 potions of might
 p - 3 potions of curing
 x - 6 potions of ambrosia
 G - 2 potions of flight
 I - a potion of invisibility {unknown}
Miscellaneous
 d - a tin of tremorstones (2/2)


   Skills:
 + Level 14.1 Fighting
 + Level 16.3 Long Blades
 + Level 14.8 Armour
 + Level 6.7 Dodging
 + Level 3.2 Stealth
 + Level 7.7 Shields
 + Level 1.8 Evocations


You had 12 spell levels left.
You didn't know any spells.
Your spell library was empty.

Dungeon Overview and Level Annotations

Branches:
Dungeon (10/15)            Temple (0/1) D:5            Lair (6/6) D:10
 Shoals (0/4) Lair:2       Spider (0/4) Lair:3
  Slime: Lair:5-6       Orc: D:9-12

Altars:
Ashenzari
Elyvilon
Fedhas
Hepliaklqana
Makhleb
Okawaru
Sif Muna
Trog
Xom

Shops:
D:7 (   D:9 [*   D:10 (

Annotations:
D:3 exclusion: oklob plant
D:10 3 runed translucent doors, Eryximachus's ghost, novice DDNe


Innate Abilities, Weirdness & Mutations

You reflexively headbutt those who attack you in melee.
You have a pair of horns on your head.
You tend to lose your temper in combat.
Your system is resistant to poisons. (rPois)
You occasionally shout uncontrollably at your foes.


Message History

* * * LOW HITPOINT WARNING * * *
The ten-headed hydra bites you!
* * * LOW HITPOINT WARNING * * *
The ten-headed hydra bites you.
* * * LOW HITPOINT WARNING * * *
You block the ten-headed hydra's attack.
The ten-headed hydra barely misses you.
Okay, then.
You feel better. The ten-headed hydra bites you!
* * * LOW HITPOINT WARNING * * *
The ten-headed hydra bites you.
* * * LOW HITPOINT WARNING * * *
The ten-headed hydra barely misses you. x2
The ten-headed hydra bites you but does no damage.
The ten-headed hydra closely misses you.
The ten-headed hydra bites you.
* * * LOW HITPOINT WARNING * * *
The ten-headed hydra bites you but does no damage.
The ten-headed hydra bites you!
You die...

..P ##...P...###... ..
#.#.P.......... #.#
##....#.........
##..##...[....##.#...
#....#.......######..
###.#.............###...
#......P...#P....#.##..P
#D........#.##..##
#@#.............##
###....#.........#
....###...P.....# ....
#P....#...P# ..
##..#####..# .P.. ##...
......P##P...
...........†† .....#...


You could see a ten-headed hydra.

Vanquished Creatures
  4 entropy weavers (Lair:4)
  4 ghost crabs (Lair:4)
  5 hydras
  A two-headed ogre (D:7)
  3 death yaks (Lair:6)
  5 fire crabs (Lair:4)
  Pikel (D:8)
  A lindwurm (Lair:5)
  A wizard (Lair:6)
  2 black mambas (Lair:1)
  11 elephants
  An orange demon (Lair:6)
  An apocalypse crab (Lair:4)
  8 cane toads
  2 rime drakes
  8 komodo dragons
  A hellwing (Lair:6)
  An ice devil (Lair:6)
  A troll (D:10)
  The ghost of 2FriedEggs the Sneak, a novice KoEn of the Shining One (D:4)
  A queen bee (Lair:4)
  3 meliai (Lair:4)
  A jumping spider (Lair:3)
  3 polar bears
  4 blink frogs (Lair:3)
  A slime creature (Lair:6)
  Prince Ribbit (D:5)
  Sigmund (D:5)
  24 yaks
  4 basilisks
  3 wyverns
  2 steam dragons
  Edmund (D:6)
  A hell hound (Lair:6)
  8 water moccasins
  Duvessa (D:6)
  5 orc warriors
  4 sky beasts
  4 boggarts (Lair:5)
  4 ice beasts
  2 ogres
  7 wolves
  7 black bears
  A necrophage (D:10)
  5 centaurs
  A big kobold (D:10)
  12 bullfrogs
  2 gnoll sergeants (D:9)
  2 scorpions
  Dowan (D:6)
  12 wights
  14 killer bees
  6 electric eels
  A vampire bat (D:5)
  6 howler monkeys
  A quasit (D:7)
  12 hounds
  3 jellies
  8 orc priests
  Crazy Yiuf (D:5)
  2 centaur skeletons (D:9)
  2 gnoll shamans (D:9)
  2 iguanas
  6 worker ants
  13 orc wizards
  A hound skeleton (D:9)
  A worker ant zombie (D:10)
  26 gnolls
  9 adders
  5 shadow imps
  4 white imps
  2 oozes
  An adder skeleton (D:7)
  6 worms
  A dart slug (D:2)
  3 fire bats (D:5)
  3 leopard geckos
  48 orcs
  2 spectral bats (D:5)
  3 ball pythons
  3 bat skeletons (D:5)
  A bat zombie (D:5)
  6 giant cockroaches
  10 goblins
  9 hobgoblins
  5 jackals
  4 quokkas
  10 bats
  A bat simulacrum (D:5)
  3 frilled lizards
  A jackal skeleton (D:7)
  13 kobolds
  A leopard gecko zombie (D:7)
  A quokka skeleton (D:5)
  A quokka zombie (D:5)
  6 rats
457 creatures vanquished.

Vanquished Creatures (collateral kills)
  An orc wizard (D:9)
  A gnoll (D:9)
2 creatures vanquished.

Vanquished Creatures (others)
  21 fungi
  22 plants
43 creatures vanquished.

Grand Total: 502 creatures vanquished

Notes
Turn   | Place    | Note
-------+----------+-------------------------------------------
     0 | D:1      | ubername the Minotaur Berserker began the quest for the
                  | Orb.
     0 | D:1      | Reached XP level 1. HP: 19/19 MP: 0/0
   131 | D:1      | Reached XP level 2. HP: 21/27 MP: 1/1
   138 | D:1      | Reached skill level 4 in Long Blades
   803 | D:2      | Reached ** piety under Trog
   812 | D:2      | Reached XP level 3. HP: 31/34 MP: 2/2
  1045 | D:2      | Found a white marble altar of Elyvilon.
  1072 | D:2      | Reached XP level 4. HP: 38/41 MP: 3/3
  1155 | D:2      | Found a faded altar of an unknown god.
  1484 | D:2      | Found a shimmering altar of Xom.
  1485 | D:2      | Found a shimmering blue altar of Sif Muna.
  1775 | D:3      | Found a blossoming altar of Fedhas.
  1794 | D:3      | Noticed an oklob plant
  1892 | D:3      | Reached skill level 5 in Long Blades
  1984 | D:3      | Reached XP level 5. HP: 47/47 MP: 4/4
  2831 | D:4      | Reached skill level 6 in Long Blades
  2896 | D:4      | Found a runed translucent door.
  2904 | D:4      | Noticed an ice beast
  2905 | D:4      | Reached XP level 6. HP: 48/55 MP: 5/5
  2919 | D:4      | Killed an ice beast
  2920 | D:4      | Reached skill level 5 in Fighting
  2972 | D:4      | Reached *** piety under Trog
  3084 | D:4      | Noticed 2FriedEggs's ghost (novice KoEn)
  3144 | D:4      | Found a runed translucent door.
  3272 | D:4      | Found a hazy altar of Hepliaklqana.
  3722 | D:5      | Entered Level 5 of the Dungeon
  3722 | D:5      | Noticed a sky beast
  3745 | D:5      | Killed a sky beast
  3746 | D:5      | Reached skill level 7 in Long Blades
  3746 | D:5      | Reached skill level 5 in Armour
  3746 | D:5      | Reached XP level 7. HP: 42/61 MP: 6/6
  4118 | D:5      | Noticed Sigmund
  4119 | D:5      | Noticed Prince Ribbit
  4130 | D:5      | Killed Sigmund
  4442 | D:5      | Killed Prince Ribbit
  4443 | D:5      | Reached skill level 1 in Stealth
  4900 | D:5      | Found a runed translucent door.
  4901 | D:5      | Noticed Crazy Yiuf
  4907 | D:5      | Killed Crazy Yiuf
  4966 | D:5      | Found a staircase to the Ecumenical Temple.
  5065 | D:5      | Reached skill level 8 in Long Blades
  5065 | D:5      | Reached XP level 8. HP: 70/70 MP: 7/7
  5176 | D:5      | Reached **** piety under Trog
  5520 | D:6      | Noticed Dowan
  5539 | D:6      | Killed Dowan
  5541 | D:6      | Noticed Duvessa
  5542 | D:6      | Found a bloodstained altar of Trog.
  5568 | D:6      | Killed Duvessa
  5610 | D:6      | Noticed Edmund
  5623 | D:6      | Killed Edmund
  5653 | D:6      | Reached skill level 9 in Long Blades
  6311 | D:6      | Gained mutation: You occasionally shout uncontrollably at
                  | your foes. [potion of mutation]
  6311 | D:6      | Gained mutation: You tend to lose your temper in combat.
                  | [potion of mutation]
  6311 | D:6      | Gained mutation: Your system is resistant to poisons.
                  | (rPois) [potion of mutation]
  6604 | D:6      | Reached XP level 9. HP: 78/78 MP: 8/8
  6729 | D:6      | Found a broken altar of Ashenzari.
  6729 | D:6      | Found an iron altar of Okawaru.
  6736 | D:6      | Got a spiked leather armour
  6747 | D:6      | Identified the +2 leather armour of Salvation {-Cast rPois
                  | rF+} (You found it on level 6 of the Dungeon)
  6867 | D:7      | Noticed a two-headed ogre
  6877 | D:7      | Killed a two-headed ogre
  6878 | D:7      | Reached skill level 10 in Long Blades
  7540 | D:7      | Reached ***** piety under Trog
  8340 | D:7      | Reached skill level 10 in Armour
  8487 | D:7      | Found Pitwopp's Weapon Shoppe.
  8755 | D:8      | Reached skill level 11 in Long Blades
  8894 | D:8      | Reached XP level 10. HP: 88/88 MP: 9/9
  9115 | D:8      | Reached skill level 12 in Long Blades
  9245 | D:8      | Received a gift from Trog
  9470 | D:8      | Noticed Pikel
  9476 | D:8      | Killed Pikel
 10503 | D:9      | Reached skill level 13 in Long Blades
 10776 | D:8      | Reached skill level 5 in Dodging
 10805 | D:9      | Found Luola's Antique Armour Shoppe.
 10940 | D:9      | Received a gift from Trog
 10947 | D:9      | Got a blackened demon blade {god gift}
 10950 | D:9      | Identified the +13 demon blade of the Pit {vorpal, Will+
                  | Dex+4} (Trog gifted it to you on level 9 of the Dungeon)
 11282 | D:9      | Found Vukoir's General Store.
 11489 | D:10     | Entered Level 10 of the Dungeon
 11610 | D:10     | Reached XP level 11. HP: 97/97 MP: 10/10
 11843 | D:10     | Found a runed translucent gate.
 11847 | D:10     | Reached skill level 14 in Long Blades
 11962 | D:10     | Found a runed translucent gate.
 11963 | D:10     | Found a runed translucent gate.
 11965 | D:10     | Noticed Eryximachus's ghost (novice DDNe)
 11966 | D:10     | Noticed a 12-headed hydra
 12269 | D:4      | Killed 2FriedEggs's ghost
 12270 | D:4      | Reached skill level 1 in Shields
 12475 | D:10     | Found Kotedd's Weapon Boutique.
 13102 | D:10     | Found a staircase to the Lair.
 13117 | D:10     | Received a gift from Trog
 13118 | D:10     | Reached skill level 10 in Fighting
 13338 | Lair:1   | Entered Level 1 of the Lair of Beasts
 14786 | Lair:2   | Reached skill level 15 in Long Blades
 14998 | Lair:2   | Noticed an eight-headed hydra
 15007 | Lair:2   | Killed an 11-headed hydra
 15008 | Lair:2   | Reached XP level 12. HP: 63/110 MP: 11/11
 15255 | Lair:2   | Found a staircase to the Shoals.
 16107 | Lair:3   | Found a hole to the Spider Nest.
 16158 | Lair:3   | Noticed a four-headed hydra
 16164 | Lair:3   | Killed a six-headed hydra
 16329 | Lair:3   | Noticed an eight-headed hydra
 16337 | Lair:3   | Killed a 12-headed hydra
 16962 | Lair:4   | Reached skill level 1 in Evocations
 17452 | Lair:4   | Reached skill level 5 in Shields
 17576 | Lair:4   | Found a runed translucent door.
 17589 | Lair:4   | Reached XP level 13. HP: 119/119 MP: 12/12
 18154 | Lair:4   | Noticed an entropy weaver
 18162 | Lair:4   | Killed an entropy weaver
 18269 | Lair:4   | Noticed an entropy weaver
 18277 | Lair:4   | Killed an entropy weaver
 18364 | Lair:4   | Noticed an entropy weaver
 18373 | Lair:4   | Reached skill level 16 in Long Blades
 18379 | Lair:4   | Killed an entropy weaver
 18439 | Lair:4   | Noticed an entropy weaver
 18450 | Lair:4   | Killed an entropy weaver
 18645 | Lair:4   | Got a smoking trident
 18646 | Lair:4   | Identified the cursed +2 trident "Oproerukh" {vorpal, *Slow
                  | rPois rN+++ Will+} (You found it on level 4 of the Lair of
                  | Beasts)
 19992 | Lair:6   | Entered Level 6 of the Lair of Beasts
 20246 | Lair:6   | Found a burning altar of Makhleb.
 20286 | Lair:6   | HP: 4/124 [ten-headed hydra (5)]
 20286 | Lair:6   | Slain by a ten-headed hydra

Illustrated notes

Levels and vault maps discovered:
D:1:      nicolae_arrival_somewhat_less_tricky_arrival, layout_rooms,
          minmay_tall_x
D:2:      layout_basic, gammafunk_temple_overflow_wave,
          chequers_ecumenical_altar_simple, elyvilon_altar_1
D:3:      layout_loops_ring, tgw_fedhas
D:4:      layout_loops_cross, kennysheep_mini, ebering_ghost_sewer_f
D:5:      layout_loops_ring, temple_pool_b, goddamned_bats,
          uniq_crazy_yiuf_cottage, uniq_prince_ribbit1, uniq_sigmund
D:6:      layout_loops_cross, gammafunk_temple_overflow_pools, bloody_trog,
          uniq_edmund, uniq_duvessa
D:7:      layout_basic, serial_shops, shop
D:8:      layout_basic, nemelex_xobeh_ov_fountains_minmay, uniq_pikel
D:9:      layout_cave_pools, serial_shops, nicolae_shop_crystal,
          serial_gnoll_camp, gnoll_camp_huts_moat, gnoll_camp_mini_loothouse,
          gnoll_camp_mini_shop, gnoll_camp_mini_hut, gnoll_camp_mini_hut
D:10:     layout_loops_ring, erik_lair_island, serial_shops,
          nicolae_shop_crystal, gammafunk_ghost_hydra_chop, enter_bailey_8
Lair:1:   layout_chaotic_city, beast_lair_carwin_8
Lair:2:   layout_layer_cave, elwin_shoals_entry_rocks
Lair:3:   layout_loops_ring, spider_nest_entry_rubble,
          chequers_serial_rivers_small_3, grunt_megastairs_1
Lair:4:   gammafunk_mikee_crab_dinner, layout_gridlike, special_room
          [special_room_bee]
Lair:5:   layout_cave_pods, kilobyte_rumbling_trees
Lair:6:   evil_forest, layout_layer_cave, minmay_slime_entry_pillars,
          infiniplex_staircase_pool, uniq_kirke

Skill      XL: |  1  2  3  4  5  6  7  8  9 10 11 12 13 |
---------------+----------------------------------------+-----
Long Blades    | 4 5 6 7 8 9 11 13 15 16 | 16.3
Fighting       | 4 5 6 8 9 11 12 14 | 14.1
Armour         | 3 4 5 6 8 10 11 12 13 14 | 14.8
Dodging        | 3 4 5 6 |  6.7
Stealth        | 1 2 3 |  3.2
Shields        | 2 5 7 |  7.7
Evocations     | 1 |  1.8

Action                   |  1- 3 |  4- 6 |  7- 9 | 10-12 | 13-15 || total
-------------------------+-------+-------+-------+-------+-------++-------
Melee: Falchion          |    55 |   160 |   155 |       |       ||   370
       Headbutt          |     9 |    44 |    58 |   115 |    64 ||   290
       Scimitar          |       |       |   114 |    52 |       ||   166
       Triple sword      |       |       |       |   108 |       ||   108
       Demon blade       |       |       |       |   313 |   151 ||   464
Invok: Berserk           |       |     1 |    13 |     7 |     7 ||    28
 Abil: Evoke Flight      |       |       |       |     1 |       ||     1
Evoke: Wand              |       |       |       |    11 |     1 ||    12
  Use: Scroll            |       |       |    11 |     4 |     6 ||    21
       Potion            |       |       |    10 |     3 |     5 ||    18
 Stab: Paralysed         |       |       |       |       |     3 ||     3
Armor: Animal skin       |     8 |       |       |       |       ||     8
       Chain mail        |    20 |    56 |   162 |   255 |    87 ||   580
Dodge: Dodged            |    35 |    52 |   140 |   276 |    58 ||   561
Block: Buckler           |       |       |       |    27 |       ||    27
       Kite shield       |       |       |       |    55 |    82 ||   137
       Rpst.: Falchion   |     9 |    10 |    12 |       |       ||    31
       Scimitar          |       |       |    12 |     2 |       ||    14
       Triple sword      |       |       |       |    37 |       ||    37
       Demon blade       |       |       |       |    30 |    11 ||    41
